 Dungeon Sprint DCSS version 0.30-a0-964-gd452b5e7fa (webtiles) character file.

Game seed: 16099767765318780725

513 sircluck the Cleaver (level 7, 0/60 HPs)
             Began as a Gnoll Reaver on Mar 30, 2023.
             Splashed by a jelly's acid (7 damage)
             ... in the Dungeon (Sprint III: "The Ten Rune Challenge").
             The game lasted 00:04:51 (856 turns).

sircluck the Cleaver (Gnoll Reaver)                  Turns: 856, Time: 00:04:54

Health: 0/60       AC: -4    Str: 18    XL:     7   Next: 20%
Magic:  18/18      EV: 13    Int: 11    God:
Gold:   48         SH:  0    Dex:  9    Spells: 20/21 levels left

rFire   . . .      SeeInvis .    c - +1 dagger (vamp)
rCold   . . .      Faith    .    (no shield)
rNeg    . . .      Spirit   .    b - +0 leather armour
rPois   .          Reflect  .    (helmet restricted)
rElec   .          Rampage  .    (no cloak)
rCorr   .          NoTele   +    (no gloves)
Will    .....                    (no boots)
Stlth   ++                       (no amulet)
HPRegen 0.30/turn                (no ring)
MPRegen 0.16/turn                (no ring)

@: corroded
A: fangs 1, strong nose, distributed training, horns 1, strong 1
a: no special abilities


You were in the Dungeon.
You visited 1 branch You collected 48 gold pieces.

Inventory:

Hand Weapons
 a - a +0 hand axe
 c - a +1 vampiric dagger (weapon)
 e - a +2 whip of pain
Missiles
 i - 3 stones
Armour
 b - a +0 leather armour (worn)
Scrolls
 d - 3 scrolls of immolation {unknown}
 j - 3 scrolls of identify
Potions
 f - 2 potions of magic
 k - a potion of flight {unknown}
 l - 3 potions of mutation


   Skills:
 + Level 7.2 Fighting
 + Level 5.4 Short Blades
 + Level 5.4 Long Blades
 + Level 8.6 Axes
 + Level 5.4 Maces & Flails
 + Level 5.4 Polearms
 + Level 5.4 Staves
 + Level 5.4 Ranged Weapons
 + Level 5.4 Throwing
 + Level 5.4 Armour
 + Level 7.2 Dodging
 + Level 5.4 Stealth
 + Level 5.4 Shields
 + Level 5.4 Unarmed Combat
 + Level 7.5 Spellcasting
 + Level 7.2 Conjurations
 + Level 4.5 Hexes
 + Level 4.5 Summonings
 + Level 4.5 Necromancy
 + Level 4.5 Translocations
 + Level 4.5 Transmutations
 + Level 4.5 Fire Magic
 + Level 4.5 Ice Magic
 + Level 4.5 Air Magic
 + Level 4.5 Earth Magic
 + Level 4.5 Poison Magic
 + Level 6.0 Invocations
 + Level 5.4 Evocations


You had 20 spell levels left.
You knew the following spells:

 Your Spells              Type           Power      Damage    Failure   Level
a - Kiss of Death         Conj/Necr      68%        2d10      1%          1

Your spell library contained the following spells:

 Spells                   Type           Power      Damage    Failure   Level
 Momentum Strike          Conj/Tloc      34%        3d8       2%          2
 Dazzling Flash           Conj/Hex       34%        N/A       5%          3
 Hailstorm                Conj/Ice       17%        3d6       5%          3
 Ignite Poison            Fire/Tmut/Pois 14%        N/A       9%          3
 Kindle Blastsparks       Fire/Tloc/Air  28%        2d12      9%          3
 Freezing Cloud           Conj/Ice/Air   8%         6-21      50%         5
 Agony                    Necr           14%        N/A       63%         5
 Silence                  Hex/Air        7%         N/A       63%         5


Dungeon Overview and Level Annotations

Branches:
Dungeon (1/1)

Altars:
Dithmenos
Kikubaaqudgha
Okawaru
Ru
Sif Muna
Trog
Uskayaw
Vehumet
Wu Jian
Yredelemnul


Innate Abilities, Weirdness & Mutations

You have very sharp teeth.
Your uncanny sense of smell can sniff out nearby items.
Your experience applies equally to all skills.
You have a pair of small horns on your head.
Your muscles are strong. (Str +4, Int/Dex -1)


Message History

You hit something but do no damage. Your headbutt misses something.
Your bite misses something.
The shadow strikes at you from the darkness!
Reactivating autopickup.
You closely miss the shadow. Your headbutt misses the shadow.
Your punch misses the shadow. Your bite misses the shadow.
The shadow is almost destroyed.
You hit the shadow but do no damage.
The shadow is almost destroyed.
The shadow barely misses you.
You barely miss the shadow. You bite the shadow, but do no damage.
The shadow is almost destroyed.
The shadow slips into darkness.
The shadow flickers and vanishes!
Deactivating autopickup; reactivate with Ctrl-A.
The jelly closely misses you.
You barely miss something. Your bite misses something. The jelly hits you.
The acid corrodes you!
You are splashed with acid!
The shadow strikes at you from the darkness!
Reactivating autopickup.
You hit the shadow but do no damage.
You headbutt the shadow, but do no damage.
The shadow is almost destroyed.
You hit the shadow but do no damage. You headbutt the shadow.
The shadow is almost destroyed.
The shadow misses you. The jelly barely misses you.
You hit the shadow but do no damage. Your headbutt misses the shadow.
The shadow is almost destroyed.
The shadow slips into darkness.
The shadow flickers and vanishes!
Deactivating autopickup; reactivate with Ctrl-A.
The jelly hits you. The acid corrodes you!
You are splashed with acid!
You closely miss something. Your headbutt misses something.
The shadow strikes at you from the darkness!
* * * LOW HITPOINT WARNING * * *
Reactivating autopickup.
The jelly hits you.
* * * LOW HITPOINT WARNING * * *
You are splashed with acid!
You die...

▓▓▓ # ##.# ########
∆∆ ∆ #####..#
#___#__#∆ ∆∆
.#..#..#∆ #__.#._# ∆
.#..#..###+#'###'##∆∆
.##'#..#....÷.....#
.###...'.⌠........#∆
∆ ∆
####...#...######'#
∆∆ ∆ ###....#.⌠.#
#W@.# ##.....#...#∆
#.J.# #......#'###
#...# .#.....#.)[#
#...+ ###....#___#
+...# ▓▓▓▓▓▓▓▓▓▓
▓▓▓▓▓


You could see a shadow and a jelly.

Vanquished Creatures
  A necrophage (D)
  A water elemental (D)
  A wizard (D)
  A necromancer (D)
  3 humans (D)
  A kobold demonologist (D)
  A phantom (D)
  4 rats (D)
13 creatures vanquished.

Notes
Turn   | Place    | Note
-------+----------+-------------------------------------------
     0 | D        | sircluck the Gnoll Reaver began the quest for the Orb.
     0 | D        | Reached XP level 1. HP: 20/20 MP: 6/6
    47 | D        | Reached skill level 5 in Spellcasting
    99 | D        | Reached skill level 1 in Short Blades
    99 | D        | Reached skill level 1 in Long Blades
    99 | D        | Reached skill level 1 in Maces & Flails
    99 | D        | Reached skill level 1 in Polearms
    99 | D        | Reached skill level 1 in Staves
    99 | D        | Reached skill level 1 in Ranged Weapons
    99 | D        | Reached skill level 1 in Throwing
    99 | D        | Reached skill level 1 in Armour
    99 | D        | Reached skill level 1 in Stealth
    99 | D        | Reached skill level 1 in Shields
    99 | D        | Reached skill level 1 in Unarmed Combat
    99 | D        | Reached skill level 1 in Hexes
    99 | D        | Reached skill level 1 in Summonings
    99 | D        | Reached skill level 1 in Necromancy
    99 | D        | Reached skill level 1 in Translocations
    99 | D        | Reached skill level 1 in Transmutations
    99 | D        | Reached skill level 1 in Fire Magic
    99 | D        | Reached skill level 1 in Ice Magic
    99 | D        | Reached skill level 1 in Air Magic
    99 | D        | Reached skill level 1 in Earth Magic
    99 | D        | Reached skill level 1 in Poison Magic
    99 | D        | Reached skill level 1 in Invocations
    99 | D        | Reached skill level 1 in Evocations
    99 | D        | Reached XP level 2. HP: 7/26 MP: 8/8
   190 | D        | Reached XP level 3. HP: 26/32 MP: 9/9
   217 | D        | Gained mutation: Armour fits poorly on your strangely
                  | shaped body. [potion of mutation]
   217 | D        | Gained mutation: You are clumsy. (Dex -2) [potion of
                  | mutation]
   218 | D        | Lost mutation: Armour fits poorly on your strangely shaped
                  | body. [potion of mutation]
   218 | D        | Lost mutation: You are clumsy. (Dex -2) [potion of
                  | mutation]
   218 | D        | Gained mutation: You have a pair of small horns on your
                  | head. [potion of mutation]
   218 | D        | Gained mutation: Your muscles are strong. (Str +4, Int/Dex
                  | -1) [potion of mutation]
   223 | D        | Noticed a water elemental
   228 | D        | Killed a water elemental
   229 | D        | Reached skill level 5 in Fighting
   229 | D        | Reached skill level 7 in Axes
   229 | D        | Reached skill level 5 in Dodging
   229 | D        | Reached XP level 4. HP: 39/39 MP: 9/11
   383 | D        | Found a basalt altar of Yredelemnul.
   383 | D        | Found a shadowy altar of Dithmenos.
   383 | D        | Found a sacrificial altar of Ru.
   383 | D        | Noticed a necrophage
   394 | D        | Killed a necrophage
   395 | D        | Reached XP level 5. HP: 26/46 MP: 11/13
   487 | D        | Found a hide-covered altar of Uskayaw.
   487 | D        | Found an iron altar of Okawaru.
   488 | D        | Found a bloodstained altar of Trog.
   488 | D        | Found an ornate altar of the Wu Jian Council.
   488 | D        | Noticed a human
   488 | D        | Noticed a human
   504 | D        | Killed a human
   505 | D        | Reached skill level 8 in Axes
   505 | D        | Reached skill level 5 in Invocations
   505 | D        | Reached XP level 6. HP: 14/53 MP: 14/16
   505 | D        | HP: 1/53 [human (13)]
   556 | D        | Killed a human
   557 | D        | Reached skill level 5 in Short Blades
   557 | D        | Reached skill level 5 in Long Blades
   557 | D        | Reached skill level 5 in Maces & Flails
   557 | D        | Reached skill level 5 in Polearms
   557 | D        | Reached skill level 5 in Staves
   557 | D        | Reached skill level 5 in Ranged Weapons
   557 | D        | Reached skill level 5 in Throwing
   557 | D        | Reached skill level 5 in Armour
   557 | D        | Reached skill level 5 in Stealth
   557 | D        | Reached skill level 5 in Shields
   557 | D        | Reached skill level 5 in Unarmed Combat
   557 | D        | Reached skill level 5 in Evocations
   557 | D        | Reached XP level 7. HP: 18/60 MP: 17/17
   806 | D        | Found a radiant altar of Vehumet.
   806 | D        | Found a shimmering blue altar of Sif Muna.
   806 | D        | Found an ancient bone altar of Kikubaaqudgha.
   842 | D        | Noticed a shadow
   856 | D        | Splashed by a jelly's acid

Illustrated notes

Levels and vault maps discovered:
D:        dungeon_sprint_mu [sprint_mu_entry_cave, sprint_mu_temple_rooms,
          sprint_mu_d1_spiders, sprint_mu_d2_genie, sprint_mu_d3_branching,
          sprint_mu_orc_legion, sprint_mu_elf_gauntlet, sprint_mu_hive_nellie,
          sprint_mu_lair_fedhas, sprint_mu_vaults_butterflies,
          sprint_mu_slime_circle, sprint_mu_swamp_cave, sprint_mu_shoals_kraken,
          sprint_mu_blade_basic, sprint_mu_crypt_fortress,
          sprint_mu_tomb_spiral, sprint_mu_vestibule_basic,
          sprint_mu_gehenna_hellfire, sprint_mu_dis_giant,
          sprint_mu_tartarus_statrot, sprint_mu_cocytus_islands, sprint_mu_zot1]

Skill      XL: |  1  2  3  4  5  6  7 |
---------------+----------------------+-----
Spellcasting   | 5 6 7 |  7.5
Short Blades   | 1 2 3 4 5 |  5.4
Long Blades    | 1 2 3 4 5 |  5.4
Maces & Flails | 1 2 3 4 5 |  5.4
Polearms       | 1 2 3 4 5 |  5.4
Staves         | 1 2 3 4 5 |  5.4
Ranged Weapons | 1 2 3 4 5 |  5.4
Throwing       | 1 2 3 4 5 |  5.4
Armour         | 1 2 3 4 5 |  5.4
Stealth        | 1 2 3 4 5 |  5.4
Shields        | 1 2 3 4 5 |  5.4
Unarmed Combat | 1 2 3 4 5 |  5.4
Hexes          | 1 2 3 4 |  4.5
Summonings     | 1 2 3 4 |  4.5
Necromancy     | 1 2 3 4 |  4.5
Translocations | 1 2 3 4 |  4.5
Transmutations | 1 2 3 4 |  4.5
Fire Magic     | 1 2 3 4 |  4.5
Ice Magic      | 1 2 3 4 |  4.5
Air Magic      | 1 2 3 4 |  4.5
Earth Magic    | 1 2 3 4 |  4.5
Poison Magic   | 1 2 3 4 |  4.5
Invocations    | 1 2 3 4 5 6 |  6.0
Evocations     | 1 2 3 4 5 |  5.4
Fighting       | 5 6 7 |  7.2
Axes           | 7 8 |  8.6
Dodging        | 5 6 7 |  7.2
Conjurations   | 6 7 |  7.2

Action                     |  1- 3 |  4- 6 |  7- 9 || total
---------------------------+-------+-------+-------++-------
  Melee: Hand axe          |    46 |    39 |     2 ||    87
         Bite              |     4 |     7 |     2 ||    13
         Punch             |     1 |       |       ||     1
         Headbutt          |     1 |     7 |     2 ||    10
         Dagger            |       |       |    12 ||    12
    Use: Potion            |     4 |     3 |       ||     7
         Scroll            |       |     1 |       ||     1
   Stab: Sleeping          |     1 |       |     3 ||     4
 Armour: Leather armour    |     4 |     4 |       ||     8
  Dodge: Dodged            |    21 |    23 |     5 ||    49

Table legend: (Time is in decaauts)
 A = Elapsed time spent in this place.
 B = Non-inter-level travel time spent in this place.
 C = Inter-level travel time spent in this place.
 D = Time resting spent in this place.
 E = Time spent auto-exploring this place.
 F = Levels seen in this place.
 G = Mean time per level.
                   A        B        C        D        E       F      G
               +--------+--------+--------+--------+--------+-----+--------+
         Total |    841 |    742 |     99 |    505 |      5 |   1 |  841.0 |
       Dungeon |    841 |    742 |     99 |    505 |      5 |   1 |  841.0 |
               +--------+--------+--------+--------+--------+-----+--------+

Top non-repeatable levels by time:
       D: 841 daAuts
